 Dungeon Crawl Stone Soup version 0.27-a0-1191-g601b473118 (webtiles) character file.

Game seed: 1437309278148571545

9394 rjrrt the Severer (level 11, -1/141 HPs)
             Began as a Minotaur Berserker on May 24, 2021.
             Was a High Priest of Trog.
             Succumbed to a black mamba's poison
             ... on level 1 of the Lair of Beasts.
             The game lasted 00:24:23 (11282 turns).

rjrrt the Severer (Minotaur Berserker)             Turns: 11282, Time: 00:24:24

Health: -1/141     AC: 15    Str: 27    XL:     11   Next: 22%
Magic:  10/10      EV: 13    Int:  4    God:    Trog [*****.]
Gold:   1346       SH:  0    Dex: 10    Spells: 10/10 levels left

rFire    + . .     SeeInvis .   a - +2 broad axe
rCold    . . .     Faith    .   (no shield)
rNeg     . . .     Spirit   .   c - +4 ring mail "Webedet" {Regen+ Str+2}
rPois    .         Reflect  .   (helmet restricted)
rElec    .         Harm     .   y - +0 cloak
rCorr    .         Rampage  .   n - +1 pair of gloves
Will     +....                  F - +0 pair of boots
Stlth    ..........             (no amulet)
HPRegen  1.33/turn              j - ring of willpower
MPRegen  0.12/turn              m - ring of protection from fire

@: berserking (expiring), lethally poisoned (-1 -> -9), very quick
A: horns 2, retaliatory headbutt
a: Renounce Religion, Berserk, Trog's Hand, Brothers in Arms


You were on level 1 of the Lair of Beasts.
You worshipped Trog.
Trog was extremely pleased with you.
You visited 2 branches of the dungeon, and saw 11 of its levels.
You also visited: Sewer, Ossuary and Bailey.

You collected 1372 gold pieces.
You spent 26 gold pieces at shops.

Inventory:

Hand Weapons
 a - a +2 broad axe (weapon)
 b - a +3 glaive of freezing
 r - a +2 whip of electrocution
Missiles
 u - 69 poisoned darts (quivered)
 C - 20 javelins
Armour
 c - the +4 ring mail "Webedet" (worn) {Regen+ Str+2}
   (You found it on level 4 of the Dungeon)

   It affects your strength (+2).
   It increases your rate of health regeneration.
 e - a +0 plate armour
 n - a +1 pair of gloves (worn)
 y - a +0 cloak (worn)
 F - a +0 pair of boots (worn)
Jewellery
 j - a ring of willpower (left hand)
 m - a ring of protection from fire (right hand)
Wands
 d - a wand of polymorph (5)
 t - a wand of flame (61)
 E - a wand of acid (11)
Scrolls
 f - 3 scrolls of silence
 g - 5 scrolls of teleportation
 i - 2 scrolls of enchant weapon
 k - a scroll of fog
 o - 3 scrolls of summoning
 q - 4 scrolls of magic mapping
 D - 2 scrolls of enchant armour
Potions
 h - 6 potions of resistance
 l - a potion of cancellation
 p - 7 potions of haste
 s - 7 potions of curing
 v - 2 potions of might
 w - 8 potions of heal wounds
 x - a potion of mutation {unknown}
 z - a potion of attraction {unknown}
 A - 2 potions of flight {unknown}
 B - 2 potions of invisibility


   Skills:
 - Level 8.0 Fighting
 * Level 15.7 Axes
 - Level 7.5 Armour
 - Level 6.6 Dodging
 - Level 4.0 Evocations


You had 10 spell levels left.
You didn't know any spells.
Your spell library was empty.

Dungeon Overview and Level Annotations

Branches:
Dungeon (10/15)            Temple (0/1) D:7            Lair (1/6) D:10
  Sewer (visited)         Ossuary (visited)          Bailey (visited)
    Orc: D:9-12

Altars:
Dithmenos
Fedhas
Gozag
Hepliaklqana
Kikubaaqudgha
Nemelex Xobeh
Sif Muna
Yredelemnul
The Shining One

Shops:
D:1 ?   D:6 (   D:8 [(*   D:10 [

Annotations:
D:3 2 transporters, Menkaure
D:4 3 runed translucent doors, avis's ghost, amateur DDFi


Innate Abilities, Weirdness & Mutations

You have a pair of horns on your head.
You reflexively headbutt those who attack you in melee.


Message History

Unknown command.
You closely miss the black mamba.
The black mamba is moderately wounded.
You feel very sick. The black mamba misses you.
Unknown command.
A red film seems to cover your vision as you go berserk!
You feel yourself moving faster!
You feel mighty!
You feel very sick. The black mamba barely misses you. You furiously retaliate!
You headbutt the black mamba! The black mamba misses you.
You miss the black mamba.
The black mamba is heavily wounded.
You feel very sick. The black mamba bites you!
* * * LOW HITPOINT WARNING * * *
You are lethally poisoned!
The black mamba poisons you!
You barely miss the black mamba. You headbutt the black mamba!
The black mamba is almost dead.
* * * LOW HITPOINT WARNING * * *
You feel very sick.
The black mamba bites you but does no damage.
Unknown command.
You slice the black mamba!!
You kill the black mamba!
Trog accepts your kill.
* * * LOW HITPOINT WARNING * * *
You feel very sick.
Unknown command.
* * * LOW HITPOINT WARNING * * *
You feel very sick.
You see here a black mamba corpse.
Unknown command.
You feel a strong urge to attack something.
* * * LOW HITPOINT WARNING * * *
You feel very sick.
Unknown command.
You are too berserk!
You die...

# #. ##
##..######.#
#..........#
#....<@...#
#.........#
............#
............#
♣##.........#
#..........#
##.........#
#..P#######


There were no monsters in sight!

Vanquished Creatures
  3 two-headed ogres
  A black mamba (Lair:1)
  Maggie (D:9)
  An unseen horror (D:10)
  A komodo dragon (D:10)
  Prince Ribbit (D:8)
  A wraith (D:10)
  A yak (D:10)
  A wyvern (D:9)
  3 acid dragons
  5 water moccasins
  4 ice beasts
  14 orc warriors
  A sky beast (D:7)
  9 centaurs
  An ogre (D:7)
  2 kobold brigands
  2 bullfrogs
  2 elf skeletons (D:7)
  4 scorpions
  6 killer bees (D:10)
  5 wights
  4 howler monkeys (D:9)
  2 bullfrog zombies
  2 centaur zombies (D:7)
  2 orc priests (D:9)
  A human zombie (D:7)
  2 bullfrog skeletons
  2 jellies
  2 centaur skeletons
  2 iguanas
  3 orc wizards (D:8)
  Natasha (twice) (D:2)
  A killer bee zombie (D:7)
  11 mummies (Ossuary)
  A hound skeleton (D:5)
  4 howler monkey zombies
  7 adders
  A river rat (D:3)
  A shadow imp (D:7)
  3 white imps
  An adder skeleton (D:4)
  5 worms (D:3)
  2 dart slugs (D:3)
  47 orcs
  4 bats
  11 endoplasms
  4 giant cockroaches
  7 goblins
  6 hobgoblins
  2 jackals (D:2)
  4 quokkas
  14 ball pythons
  5 frilled lizards
  2 gnoll skeletons (Ossuary)
  2 goblin skeletons (Ossuary)
  26 kobolds
  3 kobold skeletons (Ossuary)
  6 orc skeletons
  3 orc zombies (D:7)
  11 rats
  11 rat skeletons (Ossuary)
298 creatures vanquished.

Vanquished Creatures (others)
  4 fungi
  7 plants
11 creatures vanquished.

Grand Total: 309 creatures vanquished

Notes
Turn   | Place    | Note
-------+----------+-------------------------------------------
     0 | D:1      | rjrrt the Minotaur Berserker began the quest for the Orb.
     0 | D:1      | Reached XP level 1. HP: 19/19 MP: 0/0
   213 | D:1      | Found Odwas's Magic Scroll Shoppe.
   238 | D:1      | Reached skill level 4 in Axes
   272 | D:1      | Reached XP level 2. HP: 25/26 MP: 1/1
   648 | D:1      | Found a faded altar of an unknown god.
   932 | D:1      | Reached skill level 5 in Axes
  1045 | D:2      | Reached ** piety under Trog
  1094 | D:2      | Reached XP level 3. HP: 26/31 MP: 2/2
  1470 | D:2      | Noticed Natasha
  1482 | D:2      | Killed Natasha
  1483 | D:2      | Reached skill level 6 in Axes
  1483 | D:2      | Reached XP level 4. HP: 17/39 MP: 3/3
  2036 | D:3      | You fall into a shaft and drop 3 floors!
  2265 | D:5      | Entered Level 5 of the Dungeon
  2282 | D:5      | Reached skill level 7 in Axes
  2282 | D:5      | Reached XP level 5. HP: 45/45 MP: 4/4
  2458 | D:4      | Found a sparkling altar of Nemelex Xobeh.
  2615 | D:3      | Found a glowing drain.
  2628 | D:3      | Reached *** piety under Trog
  2631 | Sewer    | Entered a sewer
  2957 | Sewer    | Reached skill level 8 in Axes
  2960 | Sewer    | Reached XP level 6. HP: 51/51 MP: 5/5
  3181 | Sewer    | Identified a scroll of acquirement
  3181 | Sewer    | Acquired 661 gold pieces
  3239 | D:2      | Noticed Natasha
  3245 | D:2      | Killed Natasha
  3295 | D:3      | Found an opulent altar of Gozag.
  3404 | D:3      | Reached **** piety under Trog
  3525 | D:3      | Found a transporter.
  3573 | D:3      | Found a transporter.
  3574 | D:3      | Found a basalt altar of Yredelemnul.
  3578 | D:3      | Noticed Menkaure
  3584 | D:3      | Found an ancient bone altar of Kikubaaqudgha.
  3784 | D:3      | Reached skill level 9 in Axes
  4050 | D:4      | Identified the +4 ring mail "Webedet" {Regen+ Str+2}
  4222 | D:4      | Found a runed translucent gate.
  4222 | D:4      | Found a runed translucent gate.
  4222 | D:4      | Found a runed translucent gate.
  4223 | D:4      | Noticed avis's ghost (amateur DDFi)
  5811 | D:5      | Found a hazy altar of Hepliaklqana.
  5926 | D:5      | Noticed an acid dragon
  5935 | D:5      | Killed an acid dragon
  5936 | D:5      | Reached XP level 7. HP: 57/60 MP: 6/6
  6380 | D:6      | Found Zyogargh's Antique Weapon Boutique.
  6927 | D:7      | Reached skill level 5 in Fighting
  6942 | D:7      | Reached skill level 10 in Axes
  6942 | D:7      | Reached XP level 8. HP: 51/68 MP: 7/7
  7017 | D:7      | Reached skill level 5 in Armour
  7018 | D:7      | Found a shadowy altar of Dithmenos.
  7171 | D:7      | Found a staircase to the Ecumenical Temple.
  7197 | D:7      | Reached skill level 11 in Axes
  7243 | D:7      | Found a sand-covered staircase.
  7249 | Ossuary  | Entered an ossuary
  7429 | Ossuary  | Reached ***** piety under Trog
  7444 | Ossuary  | Reached XP level 9. HP: 78/78 MP: 8/8
  7554 | D:7      | Reached skill level 5 in Dodging
  7904 | D:8      | Found Cacsacos's Weapon Boutique.
  7921 | D:8      | Found a flagged portal.
  7966 | Bailey   | Entered a bailey
  8338 | Bailey   | Reached skill level 12 in Axes
  8728 | Bailey   | Reached XP level 10. HP: 77/88 MP: 9/9
  9306 | D:8      | Found Biotzowo's General Store.
  9313 | D:8      | Bought a scroll of identify for 26 gold pieces
  9382 | D:8      | Noticed Prince Ribbit
  9384 | D:8      | Reached skill level 1 in Evocations
  9390 | D:8      | Received a gift from Trog
  9398 | D:8      | Killed Prince Ribbit
  9399 | D:8      | Reached skill level 13 in Axes
  9483 | D:8      | Found Wicosa's Armour Emporium.
  9718 | D:9      | Found a blossoming altar of Fedhas.
  9777 | D:9      | Noticed a two-headed ogre
  9799 | D:9      | Killed a two-headed ogre
  9863 | D:9      | Noticed Maggie
  9873 | D:9      | Killed Maggie
 10088 | D:9      | Reached skill level 14 in Axes
 10275 | D:10     | Entered Level 10 of the Dungeon
 10322 | D:10     | Found a glowing golden altar of the Shining One.
 10490 | D:10     | Found a shimmering blue altar of Sif Muna.
 10556 | D:10     | Found Eklyuhe's Armour Boutique.
 10696 | D:10     | Noticed a two-headed ogre
 10713 | D:10     | Killed a two-headed ogre
 10714 | D:10     | Reached skill level 15 in Axes
 10714 | D:10     | Reached XP level 11. HP: 11/94 MP: 10/10
 10970 | D:10     | Noticed a two-headed ogre
 10983 | D:10     | Killed a two-headed ogre
 11156 | D:10     | Found a staircase to the Lair.
 11263 | Lair:1   | Entered Level 1 of the Lair of Beasts
 11279 | Lair:1   | HP: 6/141 [poisoned by a black mamba]
 11281 | Lair:1   | HP: 1/141 [poisoned by a black mamba]
 11282 | Lair:1   | Succumbed to a black mamba's poison

Illustrated notes

Levels and vault maps discovered:
D:1:      roderic_chinese_lattice_arrival, layout_loops_ring,
          ebering_ecumenical_altar_abandoned, serial_shops, shop_fountains,
          minmay_heptomino_l4
D:2:      layout_basic, small_statue_intersection, minmay_shallow_snake_nest,
          uniq_natasha
D:3:      layout_basic, amcnicky_altar_gilded, gammafunk_temple_of_torment,
          portal_sewer_entry_a, kennysheep_path_1, st_stairs_9,
          minmay_liquid_box
D:4:      layout_layer_cave, nemelex_dance_club_becter,
          gammafunk_ghost_necromancy
D:5:      layout_basic, nicolae_hepliaklqana_hippocampus
D:6:      layout_gridville, serial_shops, shop
D:7:      layout_rooms, minmay_temple_entry_statues,
          nicolae_ossuary_entry_catacombs, minmay_ruined_shrine
D:8:      layout_cave_pools, enter_bailey_2, serial_shops,
          nicolae_shop_statue_plus, shop, shop_coins, serial_bayou_crossing,
          uniq_prince_ribbit1
D:9:      layout_roguey, fedhas_altar_3, uniq_maggie
D:10:     layout_gridville, lemuel_crystal_altar, lemuel_doored_altar,
          grunt_lair_entry_orc_guard_hut, serial_shops,
          nicolae_shop_behind_doors
Lair:1:   layout_small_grid, gammafunk_lair_bear_cave, uniq_gastronok

Skill      XL: |  1  2  3  4  5  6  7  8  9 10 |
---------------+-------------------------------+-----
Axes           | 4 5 6 7 8 9 10 11 12 15 | 15.7
Fighting       | 4 5 6 7 8 |  8.0
Armour         | 3 4 5 7 |  7.5
Dodging        | 3 4 6 |  6.6
Evocations     | 4 |  4.0

Action                   |  1- 3 |  4- 6 |  7- 9 | 10-12 || total
-------------------------+-------+-------+-------+-------++-------
Melee: Hand axe          |    76 |    99 |       |       ||   175
       Headbutt          |    10 |    31 |    59 |    42 ||   142
       War axe           |       |    45 |   253 |    10 ||   308
       Glaive            |       |       |    69 |     6 ||    75
       Broad axe         |       |       |       |   143 ||   143
       Battleaxe         |       |       |       |    32 ||    32
Throw: Dart              |       |       |       |     8 ||     8
Invok: Berserk           |     1 |     2 |     4 |     3 ||    10
Evoke: Wand              |       |       |     2 |     2 ||     4
  Use: Scroll            |       |    15 |     3 |     5 ||    23
 Stab: Distracted        |     1 |       |       |       ||     1
Armor: Animal skin       |    11 |     1 |       |       ||    12
       Ring mail         |       |    39 |   111 |    96 ||   246
Dodge: Dodged            |    48 |    77 |   183 |   127 ||   435

Table legend: (Time is in decaauts)
 A = Elapsed time spent in this place.
 B = Non-inter-level travel time spent in this place.
 C = Inter-level travel time spent in this place.
 D = Time resting spent in this place.
 E = Time spent auto-exploring this place.
 F = Levels seen in this place.
 G = Mean time per level.
                   A        B        C        D        E       F      G
               +--------+--------+--------+--------+--------+-----+--------+
         Total |  11428 |  11160 |    268 |    852 |   6842 |  14 |  816.3 |
       Dungeon |   9420 |   9152 |    268 |    454 |   6616 |  10 |  942.0 |
          Lair |     14 |     14 |      0 |      0 |      0 |   1 |   14.0 |
         Sewer |    604 |    604 |      0 |    223 |     77 |   1 |  604.0 |
       Ossuary |    295 |    295 |      0 |      9 |     54 |   1 |  295.0 |
        Bailey |   1094 |   1094 |      0 |    165 |     94 |   1 | 1094.0 |
               +--------+--------+--------+--------+--------+-----+--------+

Top non-repeatable levels by time:
     D:4: 1329 daAuts
     D:5: 1110 daAuts
  Bailey: 1094 daAuts
     D:1: 1042 daAuts
    D:10: 991 daAuts
     D:2: 956 daAuts
     D:3: 938 daAuts
     D:6: 932 daAuts
     D:7: 760 daAuts
     D:9: 733 daAuts
     D:8: 624 daAuts
   Sewer: 604 daAuts
 Ossuary: 295 daAuts
  Lair:1: 14 daAuts
